 Dungeon Crawl Stone Soup version 0.19-a0-1401-g902f63d (webtiles) character file.

1183 Amnesiac the Scholar of Death (level 8, 0/41 HPs)
             Began as a Deep Elf Necromancer on Sept 4, 2016.
             Was a Follower of Kikubaaqudgha.
             Slain by an ogre
             ... wielding a +0 giant club
              (18 damage)
             ... on level 6 of the Dungeon.
             The game lasted 00:12:33 (5877 turns).

Amnesiac the Scholar of Death (DENe)                Turns: 5877, Time: 00:12:34

Health: 0/41       AC:  4    Str:  5    XL:     8   Next: 19%
Magic:  18/23      EV: 13    Int: 21    God:    Kikubaaqudgha [*.....]
Gold:   237        SH:  0    Dex: 17    Spells: 8 memorised, 5 levels left

rFire  + . .     SeeInvis .     y - +1 short sword (drain)
rCold  . . .     Gourm    .     a - +0 robe
rNeg   . . .     Faith    .     (no shield)
rPois  .         Spirit   .     o - +0 helmet
rElec  .         Dismiss  .     (no cloak)
rCorr  .         Reflect  .     l - +0 pair of gloves
MR     +....     Harm     .     (no boots)
Stlth  ++........               (no amulet)
                                C - ring of protection from fire
                                i - ring of protection from magic

@: regenerating
A: no striking features
a: Receive Corpses, Renounce Religion


You were on level 6 of the Dungeon.
You worshipped Kikubaaqudgha.
Kikubaaqudgha was aware of your devotion.
You were not hungry.

You visited 2 branches of the dungeon, and saw 7 of its levels.
You also visited: Sewer.

You collected 237 gold pieces.

Inventory:

Hand Weapons
 r - a +0 halberd
 y - a +1 short sword of draining (weapon)
Armour
 a - a +0 robe (worn)
 l - a +0 pair of gloves (worn)
 o - a +0 helmet (worn)
Jewellery
 i - a ring of protection from magic (left hand)
 C - a ring of protection from fire (right hand)
Wands
 j - a wand of random effects (30/48)
Scrolls
 f - 4 scrolls of identify {unknown}
 h - 2 scrolls of noise {unknown}
 m - 6 scrolls of remove curse {unknown}
 n - 3 scrolls of amnesia {unknown}
 p - a scroll of fog {unknown}
 s - 3 scrolls of recharging {unknown}
 u - 3 scrolls of enchant armour {unknown}
 w - 2 scrolls of magic mapping {unknown}
 x - 2 scrolls of enchant weapon {unknown}
 E - a scroll of random uselessness {unknown}
 F - a scroll of teleportation {unknown}
Potions
 d - a potion of beneficial mutation {unknown}
 e - a potion of haste {unknown}
 k - 8 potions of curing {unknown}
 v - 2 potions of degeneration {unknown}
 z - 3 potions of brilliance {unknown}
 A - 5 potions of heal wounds {unknown}
 G - 2 potions of might {unknown}
Books
 b - a book of Necromancy

   Spells                             Type                      Level
   a - Pain                           Necromancy                   1
   b - Animate Skeleton               Necromancy                   1
   c - Vampiric Draining              Necromancy                   3
   d - Regeneration                   Charms/Necromancy            3
   e - Animate Dead                   Necromancy                   4
   f - Control Undead                 Necromancy                   4
 D - Kikubaaqudgha's Volume of Evil
   (Kikubaaqudgha gifted it to you on level 2 of the Dungeon)

   Spells                             Type                      Level
   a - Pain                           Necromancy                   1
   b - Corpse Rot                     Necromancy                   2
   c - Sublimation of Blood           Necromancy                   2
   d - Regeneration                   Charms/Necromancy            3
   e - Control Undead                 Necromancy                   4
Comestibles
 c - 6 bread rations
 g - 4 meat rations
 q - 3 slices of pizza
 t - 3 beef jerkies
 B - 3 chunks of flesh


   Skills:
 - Level 2.4 Dodging
 - Level 2.4 Stealth
 + Level 9.0 Spellcasting
 - Level 10.0 Necromancy


You had 5 spell levels left.
You knew the following spells:

 Your Spells              Type           Power        Failure   Level  Hunger
a - Control Undead        Necr           ######....   1%          4    ##.....
b - Animate Skeleton      Necr           N/A          1%          1    None
c - Sublimation of Blood  Necr           ######....   1%          2    None
d - Corpse Rot            Necr           N/A          1%          2    None
e - Animate Dead          Necr           N/A          1%          4    ##.....
f - Vampiric Draining     Necr           ######....   1%          3    None
r - Regeneration          Chrm/Necr      ####......   2%          3    None
z - Pain                  Necr           ####         1%          1    None


Dungeon Overview and Level Annotations

Branches:
Dungeon (6/15)             Temple (1/1) D:5

Altars:
Ashenzari
Cheibriados
Dithmenos
Elyvilon
Gozag
Hepliaklqana
Kikubaaqudgha
Makhleb
Nemelex Xobeh
Okawaru
Qazlal
Ru
Sif Muna
Trog
Vehumet
Xom
Yredelemnul
Zin
The Shining One

Shops:
D:4 ?

Annotations:
D:4 Amnesiac's ghost, amateur DENe


Message History

The ogre is lightly wounded.
The ogre hits you with a giant club.
You barely miss the ogre.
The ogre is lightly wounded.
You hit the ogre.
The ogre is moderately wounded.
The ogre misses you.
You barely miss the ogre.
The ogre is moderately wounded.
The ogre hits you with a giant club!!
Ouch! That really hurt!
Casting: Regeneration
Confirm with . or Enter, or press ? or * to list all spells.
Aiming: Vampiric Draining
Press: ? - help, Shift-Dir - straight line, f - ogre
Aim: an ogre, wielding a giant club (moderately wounded)
The ogre is severely wounded.
You feel life coursing into your body. The ogre hits you with a giant club!!
You die...
Kikubaaqudgha rasps: "You have failed me!
Welcome... death!"

........# .#
........######.# #........
........##.....# #........
..########.....# #.....z..
..##### #....^# #.?......
..#...####.....# #........
..'......+.....# #.(......
..#...####....######........
..#...'.....#...@O5h........
#.#...#####.#.##############
#.#.......#.#.#####
#.#....#>..........
#.#....#...<.......
#.#....#....#.#####
#.#.........#.#
#.##.......##.#
#.###.........#


You could see an ogre, a hound and a shadow imp.

Vanquished Creatures
  An ogre (D:6)
  2 centaurs (D:5)
  2 big kobolds (Sewer)
  2 crimson imps (D:5)
  3 hounds (D:4)
  3 orc priests (D:3)
  4 orc wizards
  An iguana (D:6)
  4 worker ants
  A hound zombie (D:5)
  4 gnolls (D:3)
  9 adders
  A river rat (D:4)
  2 shadow imps
  4 oozes
  3 worms
  3 dart slugs
  4 giant geckos
  18 orcs
  9 bats
  8 giant cockroaches
  9 goblins
  5 hobgoblins
  5 jackals (D:2)
  19 kobolds
  2 quokkas
  3 ball pythons
  A giant gecko zombie (D:5)
  11 giant newts
  A quokka zombie (D:5)
  10 rats
154 creatures vanquished.

Notes
Turn   | Place    | Note
-------+----------+-------------------------------------------
     0 | D:1      | Amnesiac the Deep Elf Necromancer began the quest for the Orb.
     0 | D:1      | Reached XP level 1. HP: 10/10 MP: 6/6
   309 | D:1      | Reached skill level 5 in Necromancy
   505 | D:1      | Reached XP level 2. HP: 12/15 MP: 3/8
   986 | D:2      | Reached XP level 3. HP: 16/19 MP: 5/10
   994 | D:2      | Learned a level 3 spell: Regeneration
   998 | D:2      | Learned a level 3 spell: Vampiric Draining
  1318 | D:3      | Reached skill level 6 in Necromancy
  1327 | D:3      | Reached XP level 4. HP: 17/24 MP: 4/12
  1464 | D:3      | Reached XP level 5. HP: 22/28 MP: 2/14
  1617 | D:4      | Reached skill level 5 in Spellcasting
  1617 | D:4      | Reached skill level 7 in Necromancy
  1655 | D:4      | Learned a level 1 spell: Animate Skeleton
  1660 | D:4      | Learned a level 4 spell: Control Undead
  1741 | D:4      | Found a stormy altar of Qazlal.
  1902 | D:4      | Found Fuva's Magic Scroll Shoppe.
  1922 | D:4      | Noticed Amnesiac's ghost (amateur DENe)
  2004 | D:4      | Found a shimmering altar of Xom.
  2169 | D:4      | Reached XP level 6. HP: 23/32 MP: 6/16
  2178 | D:4      | Found a glowing drain.
  2187 | Sewer    | Entered a sewer
  2371 | Sewer    | Reached skill level 8 in Necromancy
  3251 | D:5      | Entered Level 5 of the Dungeon
  3366 | D:5      | Found a bloodstained altar of Trog.
  3623 | D:5      | Reached XP level 7. HP: 32/36 MP: 18/18
  3705 | D:5      | Reached skill level 9 in Necromancy
  3801 | D:5      | Found a staircase to the Ecumenical Temple.
  3983 | Temple   | Entered the Ecumenical Temple
  3998 | Temple   | Became a worshipper of Kikubaaqudgha
  4259 | D:2      | Found a deep blue altar of Sif Muna.
  4262 | D:2      | Found an iron altar of Okawaru.
  4265 | D:2      | Found a white marble altar of Elyvilon.
  4378 | D:2      | Learned a level 4 spell: Animate Dead
  4543 | D:2      | Found a sparkling altar of Nemelex Xobeh.
  4611 | D:2      | Reached * piety under Kikubaaqudgha
  4611 | D:2      | Identified Kikubaaqudgha's Volume of Evil (Kikubaaqudgha gifted it to you on level 2 of the Dungeon)
  4611 | D:2      | Received a gift from Kikubaaqudgha
  4698 | D:2      | Learned a level 2 spell: Corpse Rot
  4701 | D:2      | Learned a level 2 spell: Sublimation of Blood
  4983 | D:3      | Reached skill level 10 in Necromancy
  5450 | D:4      | Reached XP level 8. HP: 38/41 MP: 16/22
  5877 | D:6      | Slain by an ogre

Vault maps used:
D:1:      minmay_arrival_wavy_path, minmay_ruptured
D:2:      minmay_overflow_temple_star_quad, nicolae_overflow_crystal_walls,
          first_bread
D:3:      minmay_wonky_spiral
D:4:      grunt_qazlal_clouds, gup_sewer_entry_bubbles, serial_shops, shop,
          led_xom_imps
D:5:      kennysheep_cross_bottleneck, trog_hazing_becter
D:6:      uniq_duvessa
Temple:   eino_temple_lava
Sewer:    kennysheep_pipe_town

Skill      XL: |  1  2  3  4  5  6  7  8 |
---------------+-------------------------+-----
Necromancy     | 5 6 7 8 10 | 10.0
Spellcasting   | 4 5 6 8 9 |  9.0
Dodging        | |  2.4
Stealth        | |  2.4

Action                   |  1- 3 |  4- 6 |  7- 9 || total
-------------------------+-------+-------+-------++-------
Melee: Unarmed           |     7 |       |       ||     7
       Halberd           |       |    45 |    41 ||    86
       Short sword       |       |    35 |    90 ||   125
 Cast: Pain              |    49 |   116 |    99 ||   264
       Regeneration      |     1 |     4 |     9 ||    14
       Vampiric Draining |       |     5 |    18 ||    23
       Control Undead    |       |     3 |     2 ||     5
       Sublimation of Bl |       |       |     5 ||     5
 Stab: Sleeping          |       |     2 |     2 ||     4
  Eat: Chunk             |     1 |     8 |     8 ||    17
Armor: Robe              |     4 |    16 |    41 ||    61
Dodge: Dodged            |     7 |    84 |   114 ||   205
